 Dungeon Crawl Stone Soup version 0.15-a0-1004-gbf4e2e6 (webtiles) character file.

202 DerFusl the Magician (level 5, 28/28 HPs)
             Began as a Deep Elf Wizard on May 25, 2014.
             Quit the game on Level 3 of the Dungeon.
             The game lasted 00:09:37 (2219 turns).

DerFusl the Magician (Deep Elf Wizard)              Turns: 2219, Time: 00:09:37

HP  28/28        AC  5     Str  5      XL: 5   Next: 50%
MP  20/20        EV 12     Int 23      God:
Gold 128         SH  0     Dex 13      Spells:  5 memorised,  4 levels left

rFire  . . .     SeeInvis .     v - +1,+2 spear (slay drac)
rCold  . . .     Clarity  .     e - +0 robe
rNeg   . . .     Conserve .     (no shield)
rPois  .         rCorr    .     b - +0 hat
rElec  .         rRot     .     k - +2 cloak
SustAb .         Spirit   .     (no gloves)
rMut   .         Warding  .     (no boots)
Gourm  .         Stasis   .     (no amulet)
MR     .....                    (no ring)
                                (no ring)

@: repel missiles, not resistant to hostile enchantments, unstealthy
A: no striking features
a: no special abilities


You were on level 3 of the Dungeon.
You were very hungry.

You visited 1 branch of the dungeon, and saw 4 of its levels.

You collected 128 gold pieces.

Inventory:

Hand weapons
 g - a +2,+1 short sword
 q - a +0,-3 whip
 v - a +1,+2 spear of dragon slaying (weapon)
Armour
 b - a +0 hat (worn)
 e - a +0 robe (worn)
 k - a +2 cloak (worn)
Comestibles
 d - 2 bread rations
 j - a choko
 m - a lychee
 z - 13 grapes
Scrolls
 l - 2 scrolls of fog
 n - 4 scrolls of identify
 o - a scroll of remove curse
 r - a scroll of magic mapping {unknown}
Jewellery
 x - a cursed -3 ring of strength {unknown}
Potions
 a - a potion of haste {unknown}
 f - 2 potions of brilliance {unknown}
 h - a potion of invisibility {unknown}
 i - a potion of beneficial mutation {unknown}
 p - a potion of mutation {unknown}
 s - a potion of magic {unknown}
 u - 2 potions of curing {unknown}
 w - a potion of might {unknown}
Books
 c - a book of Minor Magic

   Spells                             Type                      Level
   *Magic Dart                        Conjuration                  1
   *Blink                             Translocation                2
   Call Imp                           Summoning                    2
   *Repel Missiles                    Charms/Air                   2
   Slow                               Hexes                        2
   *Conjure Flame                     Conjuration/Fire             3
   *Mephitic Cloud                    Conjuration/Poison/Air       3
 t - a book of Callings

   Spells                             Type                      Level
   Summon Small Mammal                Summoning                    1
   Call Imp                           Summoning                    2
   Call Canine Familiar               Summoning                    3
   Summon Guardian Golem              Hexes/Summoning              4
   Summon Lightning Spire             Summoning/Air                4
   Summon Ice Beast                   Ice/Summoning                4


   Skills:
 - Level 2.4 Dodging
 - Level 2.4 Stealth
 + Level 5.7 Spellcasting
 + Level 4.2 Conjurations
   Level 1.1 Summonings
 - Level 1.1 Translocations
 * Level 2.7 Fire Magic


You had 4 spell levels left.
You knew the following spells:

 Your Spells              Type           Power        Failure   Level  Hunger
a - Magic Dart            Conj           ####         1%          1    None
b - Mephitic Cloud        Conj/Pois/Air  ##......     17%         3    ##.....
c - Blink                 Tloc           N/A          10%         2    None
d - Repel Missiles        Chrm/Air       #.....       17%         2    None
e - Conjure Flame         Conj/Fire      ###.....     10%         3    ##.....


Dungeon Overview and Level Annotations

Branches:
Dungeon (4/15)
 Temple: D:4-7

Altars:
Nemelex Xobeh
Okawaru

Annotations:
D:4 Grinder


Message History

Aim: Grinder The magic dart hits Grinder.
Grinder is lightly wounded.
Casting: Magic Dart
Confirm with . or Enter, or press ? or * to list all spells.
Aiming: Magic Dart
Press: ? - help, Shift-Dir - straight line, f/p - Grinder
Aim: Grinder (lightly wounded)
The magic dart hits Grinder.
Grinder is lightly wounded.
Grinder gestures at you. Pain shoots through your body!
You climb upwards.
There is a stone staircase leading down here.
Unknown command.
You start resting.
Magic restored.
You start resting.
HP restored.
Are you sure you want to abandon this character and quit the game? (Confirm with "yes".)

#.............#.#......#.....
#...............##...........
####......###.####..........#
#....................#####
###......###+###.......#....
#................#.....#..#.
#................#.....#_...
#................#.....#..#.
#..........@>....(.....#....
#####...........##.....#####
#.....).....###..#......
#...........# ##.#..)...
###...........# #.##.....
#.............####..######
##......###...<......###...
#.........###.........##...
#.........# #.........##...


There were no monsters in sight!

Vanquished Creatures
  7 gnolls (D:3)
  8 adders
  A giant mite (D:2)
  A giant gecko (D:1)
  An orc (D:3)
  6 ball pythons
  4 giant cockroaches
  3 hobgoblins
  5 kobolds
  3 quokkas
  3 bats
  5 giant newts
  4 goblins
  2 jackals (D:1)
  9 rats
62 creatures vanquished.

Notes
Turn   | Place    | Note
--------------------------------------------------------------
     0 | D:1      | DerFusl, the Deep Elf Wizard, began the quest for the Orb.
     0 | D:1      | Reached XP level 1. HP: 10/10 MP: 6/6
   504 | D:1      | Reached XP level 2. HP: 15/15 MP: 2/10
   941 | D:2      | Reached XP level 3. HP: 16/19 MP: 5/13
   946 | D:2      | Learned a level 3 spell: Mephitic Cloud
   949 | D:2      | Learned a level 2 spell: Blink
   952 | D:2      | Learned a level 2 spell: Repel Missiles
   956 | D:2      | Learned a level 3 spell: Conjure Flame
  1059 | D:2      | Reached skill level 5 in Spellcasting
  1267 | D:2      | Reached skill level 1 in Fire Magic
  1267 | D:2      | Reached XP level 4. HP: 24/24 MP: 10/17
  1648 | D:3      | Reached XP level 5. HP: 28/28 MP: 5/19
  1782 | D:3      | Found a sparkling altar of Nemelex Xobeh.
  1952 | D:3      | Found an iron altar of Okawaru.
  2113 | D:4      | Noticed Grinder
  2219 | D:3      | Quit the game

Action                   |  1- 3 |  4- 6 || total
-------------------------+-------+-------++-------
Melee: Unarmed           |     3 |       ||     3
       Whip              |     3 |    19 ||    22
       Spear             |       |     2 ||     2
 Cast: Magic Dart        |    74 |    72 ||   146
       Mephitic Cloud    |       |     5 ||     5
       Repel Missiles    |       |     1 ||     1
  Use: Scroll            |       |     5 ||     5
